 Dungeon Crawl Stone Soup version 0.18.1-8-gdd0e5ea (webtiles) character file.

508 Gagarin the Conjurer (level 6, -2/36 HPs)
             Began as a High Elf Conjurer on June 6, 2016.
             Slain by Gagarin's ghost (9 damage)
             ... on level 4 of the Dungeon.
             The game lasted 00:16:56 (4243 turns).

Gagarin the Conjurer (High Elf Conjurer)            Turns: 4243, Time: 00:16:56

Health: -2/36      AC:  5    Str:  8    XL:     6   Next: 98%
Magic:  4/15       EV:  8    Int: 21    God:
Gold:   92         SH:  0    Dex: 15    Spells: 3 memorised, 10 levels left

rFire  . . .     SeeInvis .     i - +0 dagger
rCold  . . .     Gourm    .     a - +0 robe
rNeg   . . .     Faith    .     (no shield)
rPois  .         Spirit   .     v - +0 helmet
rElec  .         Dismiss  .     d - +0 cloak
rCorr  .         Reflect  .     t - +0 pair of gloves
SustAt .         Harm     .     (no boots)
MR     .....                    (no amulet)
Stlth  ++........               (no ring)
                                (no ring)

@: not resistant to hostile enchantments, unstealthy
A: no striking features
a: no special abilities


You were on level 4 of the Dungeon.
You were not hungry.

You visited 1 branch of the dungeon, and saw 4 of its levels.
You also visited: Sewer.

You collected 92 gold pieces.

Inventory:

Hand Weapons
 i - a +0 dagger (weapon)
 p - a +0 hunting sling
Missiles
 k - 20 poisoned needles
 o - 4 needles of sleeping
 u - 67 stones (quivered)
Armour
 a - a +0 robe (worn)
 d - a +0 cloak (worn)
 t - a +0 pair of gloves (worn)
 v - a +0 helmet (worn)
 D - a troll hide {Purgy}
Jewellery
 f - a +2 ring of dexterity {unknown}
 j - a +5 ring of strength {unknown}
Wands
 y - a wand of flame (18/48)
Scrolls
 e - 3 scrolls of identify
 h - 3 scrolls of amnesia {unknown}
 n - a scroll of magic mapping {unknown}
 r - 2 scrolls of teleportation {unknown}
 w - 2 scrolls of fear {unknown}
 A - 2 scrolls of enchant weapon {unknown}
 C - a scroll of immolation {unknown}
 E - a scroll of blinking {unknown}
Potions
 m - a potion of invisibility {unknown}
 q - a potion of resistance {unknown}
 s - 7 potions of flight {unknown}
 x - a potion of brilliance {unknown}
 F - a potion of might {unknown}
Books
 b - a book of Conjurations

   Spells                             Type                      Level
   a - Magic Dart                     Conjuration                  1
   b - Searing Ray                    Conjuration                  2
   c - Dazzling Spray                 Conjuration/Hexes            3
   d - Fulminant Prism                Conjuration/Hexes            4
   e - Iskenderun's Mystic Blast      Conjuration                  4
   f - Iskenderun's Battlesphere      Conjuration/Charms           5
 B - a book of Cantrips

   Spells                             Type                      Level
   a - Corona                         Hexes                        1
   b - Animate Skeleton               Necromancy                   1
   c - Summon Small Mammal            Summoning                    1
   d - Apportation                    Translocation                1
Comestibles
 c - 2 bread rations
 l - a meat ration


   Skills:
 + Level 0.2 Fighting
 + Level 3.5 Dodging
 + Level 3.0 Stealth
 * Level 5.8 Spellcasting
 * Level 6.4 Conjurations
 + Level 0.8 Hexes


You had 10 spell levels left.
You knew the following spells:

 Your Spells              Type           Power        Failure   Level  Hunger
a - Magic Dart            Conj           ####         1%          1    None
b - Searing Ray           Conj           ####..       1%          2    None
c - Dazzling Spray        Conj/Hex       ###.....     10%         3    ##.....


Dungeon Overview and Level Annotations

Branches:
Dungeon (4/15)
 Temple: D:4-7

Altars:
Ashenzari
Dithmenos
Okawaru
Pakellas
Yredelemnul
The Shining One

Annotations:
D:4 Gagarin's ghost, amateur MiFi


Message History

Evoke which item? (* to show all) (? for menu, Esc to quit)
Zapping:
y - a wand of flame (20/48)
Press: ? - help, Shift-Dir - straight line, f/p - Gagarin's ghost
Aim: Gagarin's ghost (severely damaged)
The puff of flame hits Gagarin's ghost.
Gagarin's ghost appears unharmed.
Gagarin's ghost is severely damaged.
This wand has 19 charges left.
Gagarin's ghost closely misses you.
Evoke which item? (* to show all) (? for menu, Esc to quit)
Zapping:
y - a wand of flame (19/48)
Press: ? - help, Shift-Dir - straight line, f/p - Gagarin's ghost
Aim: Gagarin's ghost (severely damaged)
The puff of flame hits Gagarin's ghost.
Gagarin's ghost is severely damaged.
This wand has 18 charges left.
Gagarin's ghost hits you!
* * * LOW HITPOINT WARNING * * *
Gagarin's ghost whispers, "Meet the emptiness of death!"
Gagarin's ghost says, "I am made of steel!"
There is a stone staircase leading up here.
Gagarin's ghost hits you!
You die...

#############
#............#
#............#
#.....[......#
#............#
#............#
#............#
#....@.......#
#....W.......#
#............#
#............#
#............#
#............#
#..._...######
####.......##
#...........#


You could see Gagarin's ghost.

Vanquished Creatures
  Sigmund (D:3)
  Purgy (Sewer)
  Terence (D:3)
  An orc wizard (D:3)
  Robin (D:3)
  7 adders
  A river rat (D:4)
  2 worms
  4 dart slugs
  4 giant geckos
  4 orcs (D:3)
  3 ball pythons
  7 bats
  3 giant cockroaches
  12 goblins
  9 hobgoblins
  12 jackals
  7 kobolds
  A quokka (D:3)
  4 giant newts
  10 rats
95 creatures vanquished.

Notes
Turn   | Place    | Note
--------------------------------------------------------------
     0 | D:1      | Gagarin the High Elf Conjurer began the quest for the Orb.
     0 | D:1      | Reached XP level 1. HP: 11/11 MP: 4/4
   264 | D:1      | Reached XP level 2. HP: 7/17 MP: 0/6
   701 | D:1      | Learned a level 2 spell: Searing Ray
   775 | D:1      | Reached skill level 5 in Conjurations
   936 | D:1      | Reached XP level 3. HP: 21/21 MP: 5/7
  1401 | D:2      | Found an oddly glowing altar of Pakellas.
  1691 | D:2      | Found a basalt altar of Yredelemnul.
  1702 | D:2      | Found a glowing golden altar of the Shining One.
  2005 | D:2      | Reached XP level 4. HP: 27/27 MP: 4/9
  2310 | D:2      | Noticed an angel
  2382 | D:3      | Noticed Sigmund
  2600 | D:3      | Killed Sigmund
  2600 | D:3      | Reached XP level 5. HP: 20/31 MP: 3/13
  2679 | D:3      | Noticed Robin
  2684 | D:3      | Killed Robin
  2684 | D:3      | Reached skill level 5 in Spellcasting
  2684 | D:3      | Reached XP level 6. HP: 33/36 MP: 6/14
  2704 | D:3      | Learned a level 3 spell: Dazzling Spray
  2886 | D:3      | Noticed Terence
  2903 | D:3      | Reached skill level 6 in Conjurations
  2910 | D:3      | Killed Terence
  3808 | D:4      | Found an oddly glowing altar of Pakellas.
  3810 | D:4      | Found a shadowy altar of Dithmenos.
  3810 | D:4      | Found a shattered altar of Ashenzari.
  3831 | D:4      | Found an iron altar of Okawaru.
  3840 | D:4      | Noticed Gagarin's ghost (amateur MiFi)
  3877 | D:4      | Found a glowing drain.
  3882 | Sewer    | Entered a sewer
  3929 | Sewer    | Noticed Purgy
  3942 | Sewer    | Killed Purgy
  4243 | D:4      | Slain by Gagarin's ghost

Skill      XL: |  1  2  3  4  5  6 |
---------------+-------------------+-----
Conjurations   | 5 6 |  6.4
Spellcasting   | 3 4 5 |  5.8
Dodging        | 3 |  3.5
Stealth        | 3 |  3.0
Fighting       | |  0.2
Hexes          | |  0.8

Action                   |  1- 3 |  4- 6 || total
-------------------------+-------+-------++-------
Melee: Dagger            |    12 |    25 ||    37
 Cast: Magic Dart        |    71 |    98 ||   169
       Searing Ray       |     3 |    10 ||    13
       Dazzling Spray    |       |    12 ||    12
Evoke: Wand              |       |     3 ||     3
  Use: Potion            |       |     2 ||     2
       Scroll            |       |     1 ||     1
 Stab: Sleeping          |     1 |       ||     1
  Eat: Chunk             |     3 |     8 ||    11
Armor: Robe              |     6 |    22 ||    28
Dodge: Dodged            |    28 |    61 ||    89
